 Dungeon Crawl Stone Soup version 0.22.1-1-ga44c0e56f4 (webtiles) character file.

91 Lisan the Poker (level 4, -3/34 HPs)
             Began as a Merfolk Skald on Oct 6, 2018.
             Slain by Crazy Yiuf
             ... wielding a +3 quarterstaff of chaos
              (11 damage)
             ... on level 3 of the Dungeon.
             The game lasted 00:13:56 (4355 turns).

Lisan the Poker (Merfolk Skald)                     Turns: 4355, Time: 00:13:57

Health: -3/34      AC:  8    Str: 12    XL:     4   Next: 57%
Magic:  4/7        EV: 13    Int: 12    God:
Gold:   90         SH:  0    Dex: 13    Spells: 6/7 levels left

rFire    . . .     SeeInvis .   a - +0 spear
rCold    . . .     Gourm    .   (no shield)
rNeg     . . .     Faith    .   b - +0 leather armour
rPois    +         Spirit   .   (no helmet)
rElec    .         Reflect  .   (no cloak)
rCorr    .         Harm     .   (no gloves)
MR       .....                  o - +0 pair of boots
Stlth    +.........             (no amulet)
HPRegen  0.11/turn              l - ring of poison resistance
MPRegen  0.10/turn              e - +4 ring of protection

@: infused
A: change form in water, swift swim, stealthy swim
a: no special abilities


You were on level 3 of the Dungeon.
You were hungry.

You visited 1 branch of the dungeon, and saw 3 of its levels.

You collected 90 gold pieces.

Inventory:

Hand Weapons
 a - a +0 spear (weapon)
Armour
 b - a +0 leather armour (worn)
 f - a +0 scale mail
 o - a +0 pair of boots (worn)
Jewellery
 e - a +4 ring of protection (right hand)
 l - a ring of poison resistance (left hand)
Scrolls
 g - a scroll of enchant armour {unknown}
 j - a scroll of fog {unknown}
 k - a scroll of blinking {unknown}
 m - a scroll of remove curse {unknown}
 q - a scroll of identify
Potions
 c - a potion of resistance
 h - a potion of heal wounds
 i - a potion of invisibility {unknown}
 n - a potion of flight {unknown}
 p - 2 potions of degeneration {unknown}
 r - 2 potions of curing {unknown}
Comestibles
 d - 4 rations


   Skills:
 + Level 2.4 Fighting
 + Level 4.3 Polearms
 + Level 1.1 Armour
 + Level 3.3 Dodging
 + Level 0.1 Stealth
 + Level 2.3 Spellcasting
 + Level 4.1 Charms


You had 6 spell levels left.
You knew the following spells:

 Your Spells              Type           Power        Failure   Level  Hunger
a - Infusion              Chrm           ##..         6%          1    ##.....

Your spell library contained the following spells:

 Spells                   Type           Power        Failure   Level  Hunger
 Song of Slaying          Chrm           ##......     9%          2    ###....
 Shroud of Golubria       Chrm/Tloc      #.........   22%         2    ###....
 Regeneration             Chrm/Necr      #.........   38%         3    ####...
 Spectral Weapon          Hex/Chrm       #.......     38%         3    ####...


Dungeon Overview and Level Annotations

Branches:
Dungeon (2/15)

Altars:

Annotations:
D:3 Crazy Yiuf


Message History

You open the door.
Crazy Yiuf the Enlightened comes into view.
He is wielding a quarterstaff of Crazy Yiuf shouts!
Found eight maces.
Crazy Yiuf hits you with a quarterstaff of chaos!
There is an open door, spattered with blood here.
Casting: Infusion (safe; 6% risk of failure)
Confirm with . or Enter, or press ? or * to list all spells.
You begin infusing your attacks with magical energy.
Crazy Yiuf hits you with a quarterstaff of chaos!
You hit Crazy Yiuf but do no damage. You hit Crazy Yiuf!
Crazy Yiuf is heavily wounded.
Crazy Yiuf grits, "Cake!
Whiteboard song sallow."
Crazy Yiuf hits you with a quarterstaff of chaos.
* * * LOW HITPOINT WARNING * * *
You hit Crazy Yiuf.
Crazy Yiuf is severely wounded.
Crazy Yiuf hits you with a quarterstaff of chaos!
You die...

..........#......##......##......
.........#.......##...#####......
.........................##......
.......################..##..<...
(......# #....##.##.
.......##♣♣♣♣♣ #....#..##.
..(....#..)♣)♣♣♣ #### #....#..##.
...........)♣))♣#)))# #....#.....
.####......♣♣♣♣)@g).# #........#.
..# ##.#..♣♣ ♣♣#)))# #........#.
[.#######♣♣ #### #..........
.......# #.......... .......#
#.......... .......#
##############...##..... ..#....#
#.#..............##..... .......#
#......##.......###.....
..#.##.#####....##...............


You could see Crazy Yiuf.

Vanquished Creatures
  2 adders (D:3)
  An ooze (D:1)
  A dart slug (D:1)
  4 leopard geckos
  2 orcs (D:3)
  10 bats
  3 giant cockroaches
  6 goblins
  8 hobgoblins
  6 kobolds
  A quokka (D:3)
  A ball python (D:3)
  6 frilled lizards
  8 rats
59 creatures vanquished.

Notes
Turn   | Place    | Note
-------+----------+-------------------------------------------
     0 | D:1      | Lisan the Merfolk Skald began the quest for the Orb.
     0 | D:1      | Reached XP level 1. HP: 16/16 MP: 3/3
   218 | D:1      | Reached XP level 2. HP: 22/22 MP: 0/5
  1071 | D:1      | Reached XP level 3. HP: 22/27 MP: 1/6
  2507 | D:2      | You fall through a shaft!
  2645 | D:3      | Found a runed door.
  2711 | D:3      | Reached XP level 4. HP: 26/33 MP: 3/7
  2717 | D:3      | Reached skill level 1 in Armour
  4350 | D:3      | Noticed Crazy Yiuf
  4355 | D:3      | Slain by Crazy Yiuf

Skill      XL: |  1  2  3  4 |
---------------+-------------+-----
Charms         | 4 |  4.1
Dodging        | 3 |  3.3
Polearms       | 4 |  4.3
Armour         | 1 |  1.1
Fighting       | |  2.4
Stealth        | |  0.1
Spellcasting   | |  2.3

Action                   |  1- 3 |  4- 6 || total
-------------------------+-------+-------++-------
Melee: Spear             |   165 |    43 ||   208
 Cast: Infusion          |    13 |     6 ||    19
  Use: Scroll            |     3 |       ||     3
       Potion            |       |     2 ||     2
  Eat: Chunk             |     3 |     4 ||     7
       Ration            |     1 |       ||     1
Armor: Leather armour    |    59 |    17 ||    76
Dodge: Dodged            |   152 |    45 ||   197
